 Dungeon Crawl Stone Soup version 0.28.0-47-ge53b351184 (webtiles) character file.

Game seed: 7536961110091285529

51 Cykl0x the Digger (level 3, -3/19 HPs)
             Began as a Gargoyle Earth Elementalist on May 10, 2022.
             Slain by a gnoll
             ... wielding a +0 club
              (5 damage)
             ... on level 2 of the Dungeon.
             The game lasted 00:02:40 (1931 turns).

Cykl0x the Digger (Gargoyle Earth Elementalist)     Turns: 1931, Time: 00:02:41

Health: -3/19      AC:  5    Str: 11    XL:     3   Next: 83%
Magic:  1/6        EV: 12    Int: 17    God:
Gold:   82         SH:  0    Dex: 10    Spells: 3/7 levels left

rFire   . . .      SeeInvis .   g - +0 quarterstaff
rCold   . . .      Faith    .   (shield currently unavailable)
rNeg    + . .      Spirit   .   b - +0 robe
rPois   ∞          Reflect  .   (no helmet)
rElec   +          Harm     .   (no cloak)
rCorr   .          Rampage  .   (no gloves)
Will    .....                   (no boots)
Stlth   ++........              (no amulet)
HPRegen 0.06/turn               (no ring)
MPRegen 0.10/turn               (no ring)

@: invisible
A: sickness immunity, AC +3, negative energy resistance 1, electricity
resistance, torment resistance 1, petrification resistance
a: no special abilities


You were on level 2 of the Dungeon.
You visited 1 branch of the dungeon, and saw 2 of its levels.

You collected 82 gold pieces.

Inventory:

Hand Weapons
 a - a +1 whip
 g - a +0 quarterstaff (weapon)
Missiles
 c - 53 stones
Armour
 b - a +0 robe (worn)
 f - a +0 leather armour
Scrolls
 d - a scroll of summoning {unknown}


   Skills:
 + Level 1.6 Dodging
 - Level 2.1 Stealth
 + Level 2.5 Spellcasting
 * Level 1.5 Conjurations
 - Level 0.7 Transmutations
 + Level 4.5 Earth Magic


You had 3 spell levels left.
You knew the following spells:

 Your Spells              Type           Power      Damage    Failure   Level
a - Sandblast             Erth           34%        2d9       2%          1
b - Stone Arrow           Conj/Erth      24%        3d8       16%         3

Your spell library contained the following spells:

 Spells                   Type           Power      Damage    Failure   Level
 Passwall                 Tmut/Erth      9%         N/A       10%         2
 Petrify                  Tmut/Erth      11%        N/A       52%         4


Dungeon Overview and Level Annotations

Branches:
Dungeon (2/15)

Altars:


Innate Abilities, Weirdness & Mutations

You are immune to sickness and miasma.
Your stone body is resilient. (AC +3)
You are immune to poison.
You resist negative energy. (rN+)
You are resistant to electric shocks. (rElec)
You are resistant to unholy torment.
You are immune to petrification.


Message History

Your magical contamination has completely faded away.
Okay, then.
As you read the scroll of identify, it crumbles to dust.
e - a potion of heal wounds You feel much better.
Casting: Sandblast (safe; 3% risk of failure)
Confirm with . or Enter, or press ? or * to list all spells.
You don't have enough magic to cast this spell.
Unknown command.
The blast of sand hits the gnoll!
The gnoll is heavily wounded.
The gnoll barely misses you.
The blast of sand hits the gnoll!
You kill the gnoll!
You are too depleted to draw on your mana recklessly!
You are too depleted to draw on your mana recklessly!
You are too depleted to draw on your mana recklessly!
The gnoll barely misses you. The gnoll misses you.
You closely miss the gnoll. The gnoll closely misses you.
The gnoll hits you but does no damage. The gnoll hits you with a +0 club.
You hit the gnoll.
The gnoll is lightly wounded.
The gnoll closely misses you. The gnoll hits you with a +0 club.
The gnoll barely misses you.
The gnoll hits you from afar with a +0 halberd!
* * * LOW HITPOINT WARNING * * *
You are too injured to fight recklessly!
Unknown command.
The gnoll hits you with a +0 club.
* * * LOW HITPOINT WARNING * * *
It was a potion of invisibility.
You fade into invisibility!
The gnoll hits you but does no damage.
The dart slug briefly extends its eye-stalks.
Press: ? - help, v - describe, . - travel
Here: a gnoll, wielding a +0 club The floor.
You catch the helpless gnoll completely off-guard!
You hit the gnoll but do no damage. The gnoll hits you with a +0 club.
You die...

.....#...####>....
###### #....#.......###
##.##.## #.##...#####.#
# #.###..# #..##.## #.#
# #..#.#...####.....#
#.# #
#..##.##...##.##### #.#
# #..#.#..8...#)# #.# #
#..###..#.8)#.# #.# #
#..##..g.gg@).# #.# #
#..##w.###..#.# #
#..#..#.###.#.## #
#..w.####.###..#########
#
#..###.....##...........
#.).gw.......g......J.<.
#...#########.####..###.
##### #.# .# ## #.# # ..


You could see 3 gnolls and a dart slug.

Vanquished Creatures
  A gnoll (D:2)
  3 orcs (D:2)
  5 bats
  An endoplasm (D:2)
  A giant cockroach (D:2)
  3 goblins
  7 hobgoblins
  3 kobolds
  A quokka (D:2)
  7 ball pythons
  A frilled lizard (D:1)
  3 rats
36 creatures vanquished.

Notes
Turn   | Place    | Note
-------+----------+-------------------------------------------
     0 | D:1      | Cykl0x the Gargoyle Earth Elementalist began the quest for
                  | the Orb.
     0 | D:1      | Reached XP level 1. HP: 10/10 MP: 3/3
   248 | D:1      | Reached XP level 2. HP: 15/15 MP: 3/5
   250 | D:1      | Reached skill level 4 in Earth Magic
   400 | D:1      | Found a faded altar of an unknown god.
  1227 | D:2      | Reached XP level 3. HP: 19/19 MP: 3/6
  1231 | D:2      | Learned a level 3 spell: Stone Arrow
  1313 | D:2      | Reached skill level 1 in Conjurations
  1931 | D:2      | Slain by a gnoll

Illustrated notes

Levels and vault maps discovered:
D:1:      lightli_arrival_quake, layout_basic, ebering_ecumenical_altar_box,
          hex_medium
D:2:      layout_loops_ring, guppyfry_early_orc_mine

Skill      XL: |  1  2  3 |
---------------+----------+-----
Earth Magic    | 4 |  4.5
Conjurations   | 1 |  1.5
Dodging        | |  1.6
Stealth        | |  2.1
Spellcasting   | |  2.5
Transmutations | |  0.7

Action                   || total
-------------------------++-------
Melee: Quarterstaff      ||    12
 Cast: Sandblast         ||    43
       Stone Arrow       ||     6
  Use: Scroll            ||     4
       Potion            ||     2
 Stab: Invisible         ||     1
Armor: Robe              ||    11
Dodge: Dodged            ||    18
